 Dungeon Crawl Stone Soup version 0.29.1-14-g9c671dbff4 (webtiles) character file.

Game seed: 11416283119122128298

89415 croobank the Frost Mage (level 15, -23/115 HPs)
             Began as a Demonspawn Ice Elementalist on Feb 17, 2023.
             Was an Initiate of Gozag.
             Annihilated by an orc knight
             ... wielding a +0 bardiche
              (41 damage)
             ... on level 2 of the Orcish Mines.
             The game lasted 02:14:59 (35271 turns).

croobank the Frost Mage (DsIE)                     Turns: 35271, Time: 02:15:00

Health: -23/115    AC: 18    Str:  8    XL:     15   Next: 49%
Magic:  0/29       EV: 13    Int: 35    God:    Gozag
Gold:   2406       SH:  8    Dex: 15    Spells: 9/35 levels left

rFire   + + .      SeeInvis +   X - +4 trident of Kyockaaja {spect, rF+ rCorr}
rCold   + . .      Faith    .   x - +3 buckler
rNeg    . . .      Spirit   +   u - +1 ring mail of Supple Strength {rCorr}
rPois   .          Reflect  .   (helmet unavailable)
rElec   .          Harm     .   e - scarf {rC+ rF+}
rCorr   +          Rampage  .   (no gloves)
Will    +....                   J - +2 pair of boots {Fly}
Stlth   ++++......              l - amulet of guardian spirit
HPRegen 0.29/turn               F - +6 ring of intelligence
MPRegen 0.21/turn               s - +6 ring of intelligence

@: gold aura, sanguine armoured, flying, hasted, very quick
A: antennae 3, ignite blood 2, spiny 1, sanguine armour 2
a: Renounce Religion, Potion Petition, Call Merchant, Bribe Branch


You were on level 2 of the Orcish Mines.
You worshipped Gozag.
Gozag was most pleased with you.
You visited 4 branches of the dungeon, and saw 23 of its levels.
You visited 1 bazaar.
You also visited: Bailey.

You collected 6001 gold pieces.
You spent 2119 gold pieces at shops.
You paid 1476 gold pieces to Gozag.

Inventory:

Hand Weapons
 a - a +4 dagger of flaming
 O - the +7 long sword "Arbiter" {elec, rC+ Int+3 Dex+4}
   (You bought it in a shop on level 8 of the Dungeon)

   It occasionally discharges a powerful burst of electricity upon striking a
   foe.
   Int:       It affects your intelligence (+3).
   Dex:       It affects your dexterity (+4).
   rC:        It protects you from cold.
 X - the +4 trident of Kyockaaja (weapon) {spect, rF+ rCorr}
   (You found it on level 4 of the Lair of Beasts)

   When its wielder attacks, the weapon's spirit leaps out and strikes again.
   The spirit shares a part of any damage it takes with its wielder.
   rF:        It protects you from fire.
   rCorr:     It protects you from acid and corrosion.
Missiles
 I - 11 atropa-tipped darts (quivered)
 M - 7 throwing nets
 Y - 18 curare-tipped darts
Armour
 e - a scarf of resistance (worn)
 u - the +1 ring mail of Supple Strength (worn) {rCorr}
   (You found it in a bailey)

   rCorr:     It protects you from acid and corrosion.
 x - a +3 buckler (worn)
 J - a +2 pair of boots of flying (worn)
Magical Staves
 t - a staff of cold
Jewellery
 d - the ring "Luosac" {rElec rPois rC+ Dex+4}
   (You found it on level 12 of the Dungeon)

   [ring of poison resistance]

   Dex:       It affects your dexterity (+4).
   rC:        It protects you from cold.
   rElec:     It insulates you from electricity.
   rPois:     It protects you from poison.
 l - an amulet of guardian spirit (around neck)
 m - a +4 ring of evasion
 n - a +4 ring of protection
 s - a +6 ring of intelligence (right hand)
 v - the amulet "Uraud" {Reflect MP+9 Str-2 Int+2 SH+5}
   (You acquired it in a bailey)

   [amulet of reflection]

   It reflects blocked missile attacks.
   Str:       It affects your strength (-2).
   Int:       It affects your intelligence (+2).
   MP:        It affects your magic capacity (+9).
   SH:        It affects your SH (+5).
 D - a ring of positive energy
 F - a +6 ring of intelligence (left hand)
 R - a ring of positive energy
 Z - a +6 ring of dexterity
Wands
 A - a wand of flame (59)
 L - a wand of iceblast (12)
 N - a wand of digging (13)
 P - a wand of mindburst (8)
 U - a wand of charming (9)
 W - a wand of light (13)
Scrolls
 g - 3 scrolls of vulnerability
 i - 2 scrolls of amnesia
 k - 6 scrolls of enchant armour
 B - 6 scrolls of teleportation
 E - 12 scrolls of identify
 H - 4 scrolls of immolation
 K - 5 scrolls of butterflies
 Q - 5 scrolls of enchant weapon
 S - a scroll of magic mapping
 V - a scroll of silence
Potions
 b - 3 potions of invisibility
 c - 6 potions of mutation
 f - 5 potions of haste
 h - 2 potions of resistance
 j - 2 potions of lignification
 p - 3 potions of ambrosia
 r - 2 potions of might
 w - 3 potions of attraction
 y - a potion of magic
 z - 11 potions of curing
 C - a potion of berserk rage
 G - a potion of heal wounds
 T - a potion of cancellation
Miscellaneous
 q - a phantom mirror


   Skills:
 + Level 9.8 Fighting
 * Level 10.6 Long Blades
 + Level 9.2 Dodging
 + Level 10.0 Stealth
 - Level 4.0 Shields
 + Level 10.8 Spellcasting
 - Level 7.6 Conjurations
 + Level 4.2 Transmutations
 - Level 3.0 Fire Magic
 + Level 11.2 Ice Magic
 - Level 3.0 Poison Magic


You had 9 spell levels left.
You knew the following spells:

 Your Spells              Type           Power      Damage    Failure   Level
a - Freeze                Ice            100%       1d11      1%          1
b - Frozen Ramparts       Ice            100%       1d16      1%          3
c - Ozocubu's Armour      Ice            78%        N/A       1%          3
d - Hailstorm             Conj/Ice       71%        3d15      1%          4
e - Ensorcelled Hibernat  Hex/Ice        100%       N/A       1%          2
f - Ozocubu's Refrigerat  Ice            39%        4d16      61%         7
g - Mephitic Cloud        Conj/Pois/Air  43%        N/A       6%          3
h - Ignite Poison         Fire/Tmut/Pois 43%        N/A       7%          3

Your spell library contained the following spells:

 Spells                   Type           Power      Damage    Failure   Level
 Beastly Appendage        Tmut           96%        N/A       1%          1
 Magic Dart               Conj           100%       1d8       1%          1
 Sting                    Tmut/Pois      100%       1d8       1%          1
 Searing Ray              Conj           100%       2d8       1%          2
 Wereblood                Tmut           48%        N/A       2%          2
 Static Discharge         Conj/Air       45%        3-9/arc   3%          2
 Ice Form                 Ice/Tmut       65%        N/A       3%          4
 Scorch                   Fire           80%        2d9       4%          2
 Dazzling Flash           Conj/Hex       90%        N/A       6%          3
 Spider Form              Tmut/Pois      44%        N/A       6%          3
 Poisonous Vapours        Pois/Air       58%        N/A       8%          2
 Summon Ice Beast         Ice/Summ       55%        N/A       9%          4
 Necrotise                Necr           76%        1d7       10%         1
 Flame Wave               Conj/Fire      54%        2d13      11%         4
 Sticky Flame             Conj/Fire      54%        2d7       11%         4
 Blink                    Tloc           38%        N/A       14%         2
 Inner Flame              Hex/Fire       29%        N/A       16%         3
 Fulminant Prism          Conj/Hex       22%        3d13      19%         4
 Freezing Cloud           Conj/Ice/Air   29%        6-21      19%         5
 Irradiate                Conj/Tmut      28%        3d21      22%         5
 Olgreb's Toxic Radiance  Pois           40%        N/A       26%         4
 Call Canine Familiar     Summ           19%        N/A       28%         3
 Gell's Gravitas          Tloc           19%        N/A       28%         3
 Portal Projectile        Hex/Tloc       38%        N/A       28%         3
 Summon Guardian Golem    Hex/Summ       19%        N/A       28%         3
 Teleport Other           Tloc           19%        N/A       28%         3
 Vampiric Draining        Necr           19%        2d7       28%         3
 Fireball                 Conj/Fire      27%        3d12      28%         5
 Lightning Bolt           Conj/Air       22%        1d38      47%         5
 Airstrike                Air            9%         2d(2-18)  67%         4
 Anguish                  Hex/Necr       9%         N/A       67%         4
 Dispel Undead            Necr           19%        3d11      67%         4
 Leda's Liquefaction      Hex/Erth       9%         N/A       67%         4
 Passage of Golubria      Tloc           19%        N/A       67%         4
 Summon Lightning Spire   Summ/Air       19%        N/A       67%         4
 Starburst                Conj/Fire      27%        6d9       85%         6
 Agony                    Necr           19%        N/A       95%         5
 Manifold Assault         Tloc           19%        N/A       95%         5
 Silence                  Hex/Air        9%         N/A       95%         5
 Summon Mana Viper        Hex/Summ       19%        N/A       95%         5
 Conjure Ball Lightning   Conj/Air       22%        3x3d6     96%         6
 Orb of Destruction       Conj           32%        9d10      98%         7
 Dispersal                Tloc           9%         N/A       100%        6
 Summon Cactus Giant      Summ           9%         N/A       100%        6
 Haunt                    Necr/Summ      9%         N/A       100%        7
 Monstrous Menagerie      Summ           9%         N/A       100%        7
 Spellforged Servitor     Conj/Summ      22%        N/A       100%        7
 Storm Form               Tmut/Air       16%        N/A       100%        7
 Ignition                 Fire           20%        3d7       100%        8
 Infestation              Necr           9%         N/A       100%        8
 Lehudib's Crystal Spear  Conj/Erth      22%        10d6      100%        8
 Polar Vortex             Ice            39%        N/A       100%        9
 Corpse Rot               Necr/Pois/Air  Unusable   N/A       N/A         4
 Animate Dead             Necr           Unusable   N/A       N/A         4
 Simulacrum               Ice/Necr       Unusable   N/A       N/A         6

Dungeon Overview and Level Annotations

Branches:
Dungeon (15/15)            Temple (1/1) D:6            Lair (5/5) D:9
 Shoals (0/4) Lair:2        Snake (0/4) Lair:2        Slime (0/5) Lair:4
    Orc (2/2) D:12         Vaults (0/5) D:13         Bailey (visited)
    Elf: Orc:2       Depths: D:15

Altars:
Cheibriados
Dithmenos
Fedhas
Gozag
Hepliaklqana
Kikubaaqudgha
Makhleb
Nemelex Xobeh
Okawaru
Qazlal
Ru
Sif Muna
Trog
Uskayaw
Vehumet
Wu Jian
Xom
Yredelemnul
Jiyva

Shops:
D:8 *?([[   D:9 *   Lair:4 =

Annotations:
D:9 5 runed translucent doors
D:12 3 runed translucent doors, fitz's ghost, journeyman HOFi
D:13 2 runed translucent doors, middlethird's ghost, journeyman MeFE
D:15 Azrael
Temple 2 transporters
Lair:4 1 runed translucent door


Innate Abilities, Weirdness & Mutations

You have a pair of large antennae on your head. (SInv)
Your demonic aura often causes spilled blood to erupt in flames.
You are partially covered in sharp spines.
When seriously injured, your blood forms thick armour. (AC +9)


Message History

You hit the orc warrior but do no damage.
The orc warrior is moderately wounded.
Your +4 trident of Kyockaaja {spect, rF+ rCorr} hits the orc warrior from afar.
The orc warrior hits you with a +0 long sword.
The orc wizard barely misses you.
The orc warrior hits you with a +0 hand axe!!
* * * LOW HITPOINT WARNING * * *
An orc comes into view. It is wielding a +0 club.
You block the orc warrior's attack. The orc warrior barely misses you.
The orc wizard hits you with a +0 dagger.
* * * LOW HITPOINT WARNING * * *
Okay, then.
You feel much better. You block the orc warrior's attack.
You block the orc wizard's attack.
The orc is distracted by your dazzling golden aura.
The orc warrior hits you with a +0 hand axe.
The orc priest mumbles some strange prayers to Beogh against you.
Beogh smites you!
* * * LOW HITPOINT WARNING * * *
The orc knight is distracted by your dazzling golden aura.
The orc knight shouts! [a] - 168 gold - heal wounds and curing [b] - 780 gold - haste, heal wounds, curing and magic [c] - 750 gold - lignification, might, resistance, heal wounds, curing and berserk rage Purchase which effect?
You no longer have enough gold to bribe branches to halt enemies' attacks and recruit allies.
You feel yourself speed up.
You feel much better.
You feel better. Magic courses through your body.
The orc knight is no longer distracted by gold. x2
The orc wizard gestures wildly while chanting.
The orc wizard flickers and vanishes for a moment.
The orc warrior hits you with a +0 hand axe!!
* * * LOW HITPOINT WARNING * * *
The orc is distracted by your dazzling golden aura.
The orc warrior is struck by your spines.
The orc warrior hits you with a +0 long sword!!
* * * LOW HITPOINT WARNING * * *
The orc knight hits you from afar with a +0 bardiche!!!
You die...
Your body crumbles into a pile of gold.

#....P....o
##..#.P.....
...#..P...P
....o.....
##o$ooo....
##...ooo.$..
#.T.o....... $
##oo☼o......$
#..@oTo.#....$
......☼☼§...#
...
...........##
. ...$.....###
..........
.........##
..........
..........


You could see 2 orc knights, 2 trolls, 5 orc warriors, an orc priest (strong),
an orc wizard (strong, invisible) and 5 orcs.

Vanquished Creatures
  Jorgrun (Orc:2)
  A very ugly thing (D:13)
  Nessos (D:13)
  A fire dragon (Lair:5)
  6 hydras
  2 boulder beetles
  Harold (Lair:1)
  A catoblepas (D:13)
  A vault guard (D:13)
  5 centaur warriors
  4 two-headed ogres
  3 tengu warriors (D:13)
  4 death yaks
  Sonja (Lair:1)
  A lindwurm (Lair:5)
  2 wizards (D:13)
  3 deep elf pyromancers (D:13)
  4 orc knights (Bailey)
  3 ugly things
  2 orc sorcerers (Bailey)
  5 manticores
  7 cyclopes
  A salamander (shapeshifter) (D:13)
  18 elephants
  10 black mambas
  A merfolk siren (Lair:2)
  2 molten gargoyles (Lair:5)
  9 cane toads
  Maggie (D:9)
  A torpor snail (Lair:5)
  2 gargoyles (D:12)
  A rime drake (Lair:3)
  An unseen horror (D:11)
  10 komodo dragons
  A yaktaur (D:13)
  5 trolls
  3 polar bears
  A meliai (D:13)
  Grinder (D:4)
  15 blink frogs
  12 slime creatures
  Prince Ribbit (Lair:1)
  2 shadows
  9 wyverns
  38 yaks
  3 vampires (D:13)
  5 wraiths
  A hog (shapeshifter) (D:14)
  20 humans (D:13)
  2 fire elementals (D:15)
  9 basilisks
  4 steam dragons
  8 vampire mosquitoes
  3 wargs
  An acid dragon (D:10)
  12 water moccasins
  4 hell hounds (Lair:5)
  Duvessa (D:4)
  4 black bears
  A sky beast (D:7)
  An ice beast (D:5)
  13 orc warriors
  3 boggarts (D:14)
  9 wolves
  A phantom (D:5)
  11 centaurs
  3 kobold brigands
  15 bullfrogs
  2 gnoll sergeants
  3 necrophages
  2 scorpions
  Dowan (D:4)
  A killer bee (D:9)
  8 howler monkeys
  7 electric eels (Bailey)
  2 jellies
  5 lava snakes (Lair:5)
  5 hounds
  A gnoll bouda (D:7)
  14 orc priests
  7 iguanas
  21 orc wizards
  4 hell rats (Lair:5)
  Robin (D:2)
  22 gnolls
  10 adders
  3 shadow imps
  4 white imps
  4 ufetubi
  3 worms
  2 dart slugs
  77 orcs
  5 ball pythons
  5 bats
  8 endoplasms
  3 giant cockroaches
  21 goblins
  15 hobgoblins
  6 jackals
  2 quokkas
  7 frilled lizards
  18 kobolds
  6 rats
643 creatures vanquished.

Vanquished Creatures (others)
  A wizard (D:13)
  A basilisk (Lair:5)
  44 fungi
  65 plants
111 creatures vanquished.

Grand Total: 754 creatures vanquished

Notes
Turn   | Place    | Note
-------+----------+-------------------------------------------
     0 | D:1      | croobank the Demonspawn Ice Elementalist began the quest
                  | for the Orb.
     0 | D:1      | Reached XP level 1. HP: 13/13 MP: 3/3
   323 | D:1      | Gained mutation: Your demonic aura sometimes causes spilled
                  | blood to erupt in flames. [demonic ancestry]
   323 | D:1      | Reached XP level 2. HP: 19/19 MP: 5/5
  1561 | D:2      | Gained mutation: You have a pair of small antennae on your
                  | head. [demonic ancestry]
  1561 | D:2      | Reached XP level 3. HP: 24/25 MP: 3/6
  1593 | D:2      | Learned a level 3 spell: Frozen Ramparts
  1910 | D:2      | Found a sacrificial altar of Ru.
  2021 | D:2      | Found a faded altar of an unknown god.
  2121 | D:2      | Reached skill level 1 in Fighting
  2150 | D:2      | Noticed Robin
  2155 | D:2      | Killed Robin
  2173 | D:2      | Reached skill level 4 in Ice Magic
  2507 | D:2      | Reached XP level 4. HP: 31/32 MP: 7/7
  3140 | D:2      | Learned a level 3 spell: Ozocubu's Armour
  4417 | D:3      | Gained mutation: When seriously injured, your blood forms
                  | armour. (AC +9) [demonic ancestry]
  4417 | D:3      | Reached XP level 5. HP: 37/37 MP: 4/9
  5251 | D:4      | Reached XP level 6. HP: 13/44 MP: 7/10
  5525 | D:4      | Found a bloodstained altar of Trog.
  5902 | D:4      | Noticed Grinder
  5935 | D:4      | Paralysed by Grinder for 3 turns
  5939 | D:4      | Killed Grinder
  5940 | D:4      | Gained mutation: You have a pair of antennae on your head.
                  | [demonic ancestry]
  5940 | D:4      | Reached XP level 7. HP: 23/52 MP: 5/12
  6288 | D:4      | Noticed Duvessa
  6290 | D:4      | Noticed Dowan
  6299 | D:4      | Killed Dowan
  6299 | D:4      | Killed Duvessa
  6300 | D:4      | Reached skill level 5 in Ice Magic
  6413 | D:4      | Noticed a wyvern
  6422 | D:4      | Killed a wyvern
  6575 | D:5      | Entered Level 5 of the Dungeon
  6878 | D:5      | Reached XP level 8. HP: 52/60 MP: 2/14
  7476 | D:5      | Learned a level 4 spell: Hailstorm
  7674 | D:5      | Reached skill level 1 in Conjurations
  8587 | D:5      | Reached skill level 5 in Stealth
  9163 | D:6      | Found an iron altar of Okawaru.
  9806 | D:6      | Found a sacrificial altar of Ru.
  9851 | D:6      | Reached XP level 9. HP: 64/66 MP: 8/16
 10245 | D:6      | Found a staircase to the Ecumenical Temple.
 10254 | Temple   | Entered the Ecumenical Temple
 10254 | Temple   | Found a transporter.
 10254 | Temple   | Found a transporter.
 10256 | Temple   | Found a transporter.
 10256 | Temple   | Found a transporter.
 10273 | Temple   | Became a worshipper of Gozag Ym Sagoz the Greedy
 10502 | D:7      | Reached skill level 5 in Spellcasting
 10554 | D:7      | Reached skill level 5 in Dodging
 10554 | D:7      | Reached skill level 6 in Ice Magic
 10744 | D:7      | Reached skill level 5 in Fighting
 11588 | D:7      | Found a sparkling altar of Nemelex Xobeh.
 12137 | D:8      | Found Zocathra's Antique Weapon Shop.
 12246 | D:8      | Bought a twisted long sword for 161 gold pieces
 12246 | D:8      | Identified the +7 long sword "Arbiter" {elec, rC+ Int+3
                  | Dex+4} (You bought it in a shop on level 8 of the Dungeon)
 12581 | D:8      | Found Laury's General Store.
 12586 | D:8      | Bought a potion of heal wounds for 55 gold pieces
 12586 | D:8      | Bought a scroll of teleportation for 33 gold pieces
 12599 | D:8      | Reached skill level 1 in Long Blades
 12800 | D:8      | Found Qolu's Magic Scroll Shop.
 12809 | D:8      | Bought a scroll of enchant weapon for 97 gold pieces
 12809 | D:8      | Bought a scroll of identify for 26 gold pieces
 12809 | D:8      | Bought a scroll of identify for 26 gold pieces
 12809 | D:8      | Bought a scroll of enchant armour for 97 gold pieces
 12857 | D:8      | Reached skill level 5 in Conjurations
 12864 | D:8      | Gained mutation: When seriously injured, your blood forms
                  | thick armour. (AC +9) [demonic ancestry]
 12864 | D:8      | Reached XP level 10. HP: 54/75 MP: 3/18
 13069 | D:8      | Found Majev's Antique Armour Shoppe.
 13234 | D:8      | Found Vapnok's Armour Shop.
 13381 | D:8      | Bought a scroll of magic mapping for 97 gold pieces
 13413 | D:9      | Found Pyjohoing's General Store.
 13413 | D:9      | Found a flagged portal.
 13416 | D:9      | Noticed a two-headed ogre
 13425 | D:9      | Killed a two-headed ogre
 13550 | Bailey   | Entered a bailey
 13586 | Bailey   | Noticed an orc knight
 13602 | Bailey   | Killed an orc knight
 13668 | Bailey   | Noticed an orc knight
 13683 | Bailey   | Learned a level 2 spell: Ensorcelled Hibernation
 13688 | Bailey   | Killed an orc knight
 13944 | Bailey   | Noticed an orc knight
 13951 | Bailey   | Killed an orc knight
 13952 | Bailey   | Reached skill level 7 in Ice Magic
 14111 | Bailey   | Acquired the amulet "Uraud" {Reflect MP+9 Str-2 Int+2 SH+5}
 14113 | Bailey   | Acquired the +11 crystal plate armour of Ritza {rF+ Str+4
                  | Dex+9}
 14115 | Bailey   | Acquired the +0 hat "Bounufucedgh" {rPois Int-2 Dex+3}
 14132 | Bailey   | Noticed an orc knight
 14141 | Bailey   | Noticed an orc sorcerer
 14162 | Bailey   | Killed an orc knight
 14247 | Bailey   | Found an iron altar of Okawaru.
 14252 | Bailey   | Noticed an orc sorcerer
 14264 | Bailey   | Killed an orc sorcerer
 14265 | Bailey   | Gained mutation: You have a pair of large antennae on your
                  | head. (SInv) [demonic ancestry]
 14265 | Bailey   | Reached XP level 11. HP: 60/83 MP: 10/20
 14273 | Bailey   | Killed an orc sorcerer
 14295 | Bailey   | Identified the +1 ring mail of Supple Strength {rCorr}
 14804 | D:9      | Bought a potion of heal wounds for 75 gold pieces
 14958 | D:9      | Noticed Maggie
 14965 | D:9      | Killed Maggie
 15139 | D:9      | Found a runed translucent gate.
 15146 | D:9      | Found a runed translucent door.
 15147 | D:9      | Found a runed translucent gate.
 15148 | D:9      | Noticed a wolf spider
 15150 | D:9      | Noticed a wolf spider
 15154 | D:9      | Found the +9 staff of Olgreb {rPois∞}
 15158 | D:9      | Found a runed translucent door.
 15179 | D:9      | Found a runed translucent gate.
 15179 | D:9      | Noticed a wolf spider
 15362 | D:9      | Reached skill level 5 in Long Blades
 15470 | D:9      | Noticed a brown ugly thing
 15472 | D:9      | Reached skill level 9 in Ice Magic
 15472 | D:9      | Reached XP level 12. HP: 81/89 MP: 8/24
 15669 | D:9      | Noticed a two-headed ogre
 15681 | D:9      | Killed a two-headed ogre
 16104 | D:9      | Found a staircase to the Lair.
 17103 | D:10     | Entered Level 10 of the Dungeon
 17356 | D:10     | Acquired the Monograph on Hoarfrost and Pyromania
 17366 | D:10     | Learned a level 7 spell: Ozocubu's Refrigeration
 18154 | Lair:1   | Entered Level 1 of the Lair of Beasts
 18431 | Lair:1   | Noticed Harold
 18438 | Lair:1   | Killed Harold
 18439 | Lair:1   | Reached skill level 1 in Shields
 18548 | Lair:1   | Noticed Prince Ribbit
 18549 | Lair:1   | Noticed a five-headed hydra
 18556 | Lair:1   | Killed a five-headed hydra
 18564 | Lair:1   | Killed Prince Ribbit
 18576 | Lair:1   | Gained mutation: You are partially covered in sharp spines.
                  | [demonic ancestry]
 18576 | Lair:1   | Reached XP level 13. HP: 48/96 MP: 1/26
 19070 | Lair:1   | Noticed Sonja
 19078 | Lair:1   | Killed Sonja
 19926 | Lair:2   | Found a staircase to the Snake Pit.
 20959 | Lair:2   | Found a staircase to the Shoals.
 20987 | Lair:2   | Reached skill level 10 in Ice Magic
 24140 | Lair:4   | Found a runed translucent door.
 24141 | Lair:4   | Found a viscous altar of Jiyva.
 24141 | Lair:4   | Noticed an acid blob
 24141 | Lair:4   | Noticed an acid blob
 24146 | Lair:4   | Learned a level 3 spell: Mephitic Cloud
 24150 | Lair:4   | Learned a level 3 spell: Ignite Poison
 24151 | Lair:4   | Found a staircase to the Slime Pits.
 24151 | Lair:4   | Noticed an acid blob
 24232 | Lair:4   | Identified the +4 trident of Kyockaaja {spect, rF+ rCorr}
 24480 | Lair:4   | Gained mutation: Your demonic aura often causes spilled
                  | blood to erupt in flames. [demonic ancestry]
 24480 | Lair:4   | Reached XP level 14. HP: 86/106 MP: 5/27
 25062 | Lair:5   | Entered Level 5 of the Lair of Beasts
 25109 | Lair:5   | Reached skill level 10 in Spellcasting
 25205 | Lair:5   | Reached skill level 1 in Transmutations
 25205 | Lair:5   | Reached skill level 1 in Poison Magic
 25331 | Lair:5   | Reached skill level 1 in Fire Magic
 25609 | Lair:5   | Found a large runed translucent door.
 25609 | Lair:5   | Found a large runed translucent door.
 26518 | Lair:5   | Found a burning altar of Makhleb.
 29776 | D:12     | Found a staircase to the Orcish Mines.
 30204 | D:12     | Identified the ring "Luosac" {rElec rPois rC+ Dex+4}
 30226 | D:12     | Found a runed translucent gate.
 30227 | D:12     | Found a runed translucent gate.
 30227 | D:12     | Found an opulent altar of Gozag.
 30228 | D:12     | Found a runed translucent gate.
 30230 | D:12     | Noticed fitz's ghost (journeyman HOFi)
 30481 | D:13     | Found a large runed translucent door.
 30481 | D:13     | Found a large runed translucent door.
 30481 | D:13     | Noticed middlethird's ghost (journeyman MeFE)
 31099 | D:13     | Found a gate to the Vaults.
 31571 | D:13     | Noticed Nessos
 31584 | D:13     | Reached XP level 15. HP: 66/114 MP: 17/29
 31584 | D:13     | Killed Nessos
 31916 | D:13     | Reached skill level 10 in Long Blades
 32393 | D:13     | Reached skill level 11 in Ice Magic
 33152 | D:14     | Found a flickering gateway to a bazaar.
 33243 | Bazaar   | Entered a bazaar
 33270 | Bazaar   | Found Jielea's Assorted Antiques.
 33270 | Bazaar   | Found Besteips's Book Shoppe.
 33283 | Bazaar   | Found Imaunentiq's Assorted Antiques.
 33495 | Bazaar   | Bought a book of Changes for 198 gold pieces
 33495 | Bazaar   | Bought a book of Ice for 506 gold pieces
 33495 | Bazaar   | Bought a book of Storms for 352 gold pieces
 33495 | Bazaar   | Bought the Codex of the Birds and Transformation for 396
                  | gold pieces
 33745 | D:14     | Reached skill level 10 in Stealth
 34598 | D:14     | Found a blossoming altar of Fedhas.
 34891 | D:15     | Entered Level 15 of the Dungeon
 34931 | D:15     | Noticed Azrael
 35007 | Orc:1    | Entered Level 1 of the Orcish Mines
 35258 | Orc:2    | Entered Level 2 of the Orcish Mines
 35258 | Orc:2    | Noticed Jorgrun
 35266 | Orc:2    | Killed Jorgrun
 35271 | Orc:2    | Annihilated by an orc knight

Illustrated notes

Levels and vault maps discovered:
D:1:      matt_arrival_los_fun, layout_loops_corners
D:2:      minmay_inner_zag, layout_loops_ring,
          hellmonk_ecumenical_altar_heavens_door, basic_altar,
          grunt_decor_one_mirror, minmay_pentomino_u4, uniq_robin
D:3:      layout_basic, mainiacjoe_overflow_brackets,
          mainiacjoe_overflow_24_doors, grunt_ministairs_11
D:4:      layout_basic, mainiacjoe_overflow_cross_hatched, uniq_duvessa,
          uniq_grinder
D:5:      minmay_skewed_foursquare, layout_basic, guppyfry_early_lair_pool
D:6:      layout_basic, general_overflow_altar, okawaru_gym_becter,
          minivault_25, grunt_ministairs_8
D:7:      layout_loops_ring, tso_altar, nemelex_diamond_rough_becter,
          hellmonk_bongcloud_opening
D:8:      layout_loops_cross, serial_shops, shop, nicolae_stop_n_shop_2,
          kennysheep_little_box, shop, shop, minmay_crossroads
D:9:      nzn_winding_woodlands_three_and_one [nzn_winding_woodlands_5x15_cabin,
          nzn_winding_woodlands_5x15_lazy_stream,
          nzn_winding_woodlands_5x15_zeroes,
          nzn_winding_woodlands_center_garden], layout_loops_corners,
          david_lair_generic, serial_shops, nicolae_shop_stone, enter_bailey_5,
          minmay_misc_feat_ornament, minmay_guarded_unrand_staff_of_olgreb,
          uniq_maggie
D:10:     layout_irregular_city, minmay_misc_feat_tower
D:11:     layout_small_grid
D:12:     layout_rooms, erik_orc_4, ebering_ghost_gozag
D:13:     kennysheep_windowed_halls, layout_loops_ring,
          grunt_vaults_entry_tiered, ebering_ghost_disaster_area, uniq_nessos
D:14:     layout_stronghold, reono_crystal_passage, serial_shops,
          bzr_in_the_mist, nicolae_kite_square_tiling_tiny,
          minmay_misc_feat_doors, fedhas_altar_fruit_tree
D:15:     grunt_enter_depths_giant_problem, layout_stronghold,
          corexii_hall_statues_l, uniq_azrael, uniq_rupert
Temple:   hellmonk_temple_divided_pantheon
Lair:1:   layout_loops_ring, grunt_megastairs_4, uniq_sonja,
          uniq_prince_ribbit2, uniq_harold
Lair:2:   layout_cellular_growth, minmay_shoals_entry_lonely_mermaid,
          dummy_snake_entry
Lair:3:   layout_gridlike, grunt_megastairs_2, infiniplex_staircase_pool
Lair:4:   layout_cave_pods, slime_entry_2
Lair:5:   cheibrodos_lair_end_hotspot, layout_regular_city, basic_altar
Orc:1:    layout_caves, nicolae_orc_lost_temple
Orc:2:    grunt_orc_gardens, layout_diamond_mine, grunt_orc_garden,
          grunt_orc_garden, grunt_orc_garden, grunt_orc_garden, uniq_jorgrun

Skill      XL: |  1  2  3  4  5  6  7  8  9 10 11 12 13 14 15 |
---------------+----------------------------------------------+-----
Stealth        | 2 3 4 5 6 7 8 9 10 | 10.0
Dodging        | 2 3 4 5 6 7 8 9 |  9.2
Fighting       | 1 2 3 4 5 6 7 8 9 |  9.8
Ice Magic      | 4 5 6 7 9 10 11 | 11.2
Spellcasting   | 3 4 5 6 8 9 10 | 10.8
Conjurations   | 3 5 6 7 |  7.6
Long Blades    | 2 4 5 6 8 9 10 | 10.6
Shields        | 1 3 4 |  4.0
Transmutations | 3 4 |  4.2
Poison Magic   | 3 |  3.0
Fire Magic     | 3 |  3.0

Action                   |  1- 3 |  4- 6 |  7- 9 | 10-12 | 13-15 || total
-------------------------+-------+-------+-------+-------+-------++-------
Melee: Dagger            |    51 |   106 |    65 |    25 |       ||   247
       Trident           |       |    14 |       |    11 |   393 ||   418
       Punch             |       |     1 |     3 |     2 |       ||     6
       Short sword       |       |       |   109 |     5 |       ||   114
       Long sword        |       |       |    16 |    95 |   123 ||   234
 Fire: Sling             |       |     3 |       |       |       ||     3
Throw: Dart              |     3 |     8 |     4 |       |       ||    15
 Cast: Freeze            |    35 |    19 |    38 |    40 |    29 ||   161
       Frozen Ramparts   |     5 |    25 |    47 |    28 |    76 ||   181
       Ozocubu's Armour  |       |    10 |    47 |    30 |    87 ||   174
       Hailstorm         |       |       |    15 |    28 |    66 ||   109
       Ensorcelled Hiber |       |       |       |    14 |     2 ||    16
       Mephitic Cloud    |       |       |       |       |     3 ||     3
       Ignite Poison     |       |       |       |       |     2 ||     2
Invok: Call Merchant     |       |       |       |       |     1 ||     1
       Potion Petition   |       |       |       |       |     1 ||     1
Evoke: Wand              |       |       |     6 |    27 |     4 ||    37
  Use: Scroll            |       |    19 |     2 |     7 |     7 ||    35
       Potion            |       |     8 |     1 |     9 |     2 ||    20
 Stab: Sleeping          |     4 |     7 |     3 |     9 |     8 ||    31
       Invisible         |       |       |       |     2 |       ||     2
       Distracted        |       |       |       |       |     7 ||     7
Armor: Robe              |    10 |    37 |    91 |    32 |       ||   170
       Skin              |       |     8 |       |    17 |       ||    25
       Ring mail         |       |       |       |    33 |   240 ||   273
Dodge: Dodged            |    45 |    72 |   180 |   106 |   288 ||   691
Block: Buckler           |       |       |       |    27 |   233 ||   260
